 Dungeon Crawl Stone Soup version 0.31-a0-1458-g2f8d4710b4 (webtiles) character file.

Game seed: 6878494061711256001

321 wagu the Sneak (level 6, -1/38 HPs)
             Began as an Octopode Shapeshifter on Dec 28, 2023.
             Killed by nerve-wracking pain
             ... invoked by an orc priest
              (10 damage)
             ... on level 4 of the Dungeon.
             The game lasted 00:09:39 (3442 turns).

wagu the Sneak (Octopode Shapeshifter)              Turns: 3442, Time: 00:09:39

Health: -1/38      AC: -3    Str: 14    XL:     6   Next: 46%
Magic:  6/6        EV: 11    Int: 12    God:
Gold:   162        SH:  9    Dex: 13    Spells: 5/5 levels left

rFire   . .          .
                       - Unarmed
rCold   . . .        d - +1 kite shield
rNeg    . . .        (helmet currently unavailable)
rPois   .            (no amulet)
rElec   .            n - ring of resist corrosion
rCorr   +            (no ring)
SInv    .            (no ring)
Will    .....        (no ring)
Stlth   ++++         (no ring)
HPRegen 0.26/turn    (no ring)
MPRegen 0.10/turn    (no ring)
                     (no ring)

%: no passive effects
@: beast-form, corroded
A: beast (slay +2), almost no armour, amphibious, 8 rings, camouflage 1,
gelatinous body 1, (nimble swimmer 1), tentacles
a: Begin Untransformation


You were on level 4 of the Dungeon.
You were a hulking beast.
You visited 1 branch of the dungeon, and saw 4 of its levels.

You collected 162 gold pieces.

Inventory:

Missiles
 k - 6 boomerangs (quivered)
 v - 3 javelins
Armour
 d - a +1 kite shield (worn)
Jewellery
 n - a ring of resist corrosion (left tentacle)
Talismans
 b - a beast talisman
 c - a flux talisman
Wands
 o - a wand of flame (23)
Scrolls
 e - a scroll of silence {unknown}
 g - a scroll of fog {unknown}
 h - 2 scrolls of brand weapon
 i - a scroll of revelation {unknown}
 j - 5 scrolls of teleportation {unknown}
 p - a scroll of poison
 q - 3 scrolls of immolation {unknown}
 s - a scroll of enchant armour
 t - 3 scrolls of blinking {unknown}
Potions
 a - a potion of lignification
 f - a potion of degeneration {unknown}
 l - a potion of resistance {unknown}
 m - a potion of haste {unknown}
 r - a potion of cancellation {unknown}
 u - a potion of mutation {unknown}


   Skills:
 + Level 1.3 Fighting
 + Level 0.6 Throwing
 - Level 2.0 Dodging
 + Level 4.9 Stealth
 * Level 1.9 Shields
 + Level 4.7 Unarmed Combat
 + Level 3.7 Shapeshifting


You had 5 spell levels left.
You didn't know any spells.
Your spell library contained the following spells:

 Spells                   Type           Power      Damage    Failure   Level
 Apportation              Tloc           0%         N/A       75%         1
 Necrotise                Necr           0%         1d4       75%         1
 Shock                    Conj/Air       0%         1d3       75%         1
 Summon Small Mammal      Summ           0%         N/A       75%         1
 Jinxbite                 Hex            0%         N/A       87%         2
 Sublimation of Blood     Necr           0%         N/A       87%         2
 Call Canine Familiar     Summ           0%         N/A       98%         3
 Swiftness                Air            0%         N/A       98%         3
 Vampiric Draining        Necr           0%         2d6       98%         3
 Airstrike                Air            0%         2d(0-16)  100%        4
 Martyr's Knell           Necr/Summ      0%         N/A       100%        4
 Petrify                  Alch/Erth      0%         N/A       100%        4
 Summon Blazeheart Golem  Fire/Summ      0%         N/A       100%        4
 Alistair's Intoxication  Alch           0%         N/A       100%        5
 Curse of Agony           Necr           0%         N/A       100%        5
 Irradiate                Conj/Alch      0%         3d11      100%        5


Dungeon Overview and Level Annotations

Branches:
Dungeon (4/15)
 Temple: D:4-7

Altars:
Okawaru

Shops:
D:1 :[((

Annotations:
D:3 Natasha


Innate Abilities, Weirdness & Mutations

You are a hulking beast.
Your limbs bulge with bestial killing power. (Slay +2)
You cannot wear most types of armour.
You are amphibious.
You can wear up to eight rings at the same time.
Your skin changes colour to match your surroundings (Stealth+).
Your rubbery body absorbs attacks. (AC +1, EV +1)
((You are camouflaged when in or above water. (Stealth+)))
You have tentacles for arms and can constrict up to eight enemies at once.


Message History

The orc priest looks encouraged for a moment.
The orc priest mumbles some strange prayers to Beogh against you.
Pain shoots through your body!
Unknown command.
The jelly attacks as it pursues you! You block the jelly's attack.
The orc priest attacks as it pursues you!
The orc priest hits you with a +0 mace.
Unknown command.
The orc priest attacks as it pursues you!
The orc priest closely misses you. The jelly hits you but does no damage.
Unknown command.
Unknown command.
Unknown command.
You tentacle-slap the jelly.
Your tentacles burn!
The jelly is lightly wounded.
The jelly barely misses you.
Unknown command.
You tentacle-slap the jelly.
Your tentacles burn!
You squeeze the jelly.
The jelly is heavily wounded.
The jelly hits you. The acid corrodes you!
You are splashed with acid.
You resist.
You bludgeon the jelly!
Your tentacles burn!
The jelly is almost dead.
The jelly hits you.
You are splashed with acid.
You resist.
* * * LOW HITPOINT WARNING * * *
Unknown command.
Unknown command.
Unknown command.
Unknown command.
Unknown command.
Unknown command.
You tentacle-slap the jelly.
You kill the jelly!
Unknown command.
You closely miss the orc priest. You grab the orc priest.
Your tentacle-slap misses the orc priest.
You constrict the orc priest.
The orc priest invokes the aid of Beogh against you.
Pain shoots through your body!
You die...

.........### #.........#..
........### ###..........
##........######..).......
#.#..###...............#.
#.... #########.........
####..###########.........
>......<........?$......#.
........)....###.......##
.###!........#.oh......#
#>.........)##...>.##
#..........####...##
#..........# ####
##........## ...$).....
....... ....... .......


You could see an orc priest.

Vanquished Creatures
  Edmund (D:4)
  A jelly (D:4)
  Natasha (twice) (D:3)
  Terence (D:3)
  4 adders (D:2)
  A worm (D:3)
  A dart slug (D:1)
  7 orcs
  4 bats
  3 endoplasms (D:1)
  A giant cockroach (D:2)
  2 goblins
  2 hobgoblins
  5 quokkas
  13 ball pythons
  A frilled lizard (D:1)
  6 kobolds
  9 rats
64 creatures vanquished.

Notes
Turn   | Place    | Note
-------+----------+-------------------------------------------
     0 | D:1      | wagu the Octopode Shapeshifter began the quest for the Orb.
     0 | D:1      | Reached XP level 1. HP: 13/13 MP: 1/1
    65 | D:1      | Found Riguq's Weapon Shoppe.
    87 | D:1      | Reached XP level 2. HP: 11/18 MP: 2/2
   257 | D:1      | Found a faded altar of an unknown god.
   370 | D:1      | Found Beir's Antique Weapon Emporium.
   474 | D:1      | Found Fyilen's Antique Armour Shop.
   537 | D:1      | Found Zuypy's Book Boutique.
   912 | D:2      | Reached XP level 3. HP: 23/23 MP: 3/3
   943 | D:2      | Reached skill level 1 in Stealth
  1386 | D:2      | Reached XP level 4. HP: 28/28 MP: 4/4
  1965 | D:3      | Found an iron altar of Okawaru.
  2239 | D:3      | Noticed Terence
  2239 | D:3      | Noticed Natasha
  2256 | D:3      | Killed Terence
  2260 | D:3      | Killed Natasha
  2261 | D:3      | Reached skill level 1 in Shields
  2261 | D:3      | Reached XP level 5. HP: 6/33 MP: 5/5
  2421 | D:3      | Noticed Natasha
  2438 | D:3      | Killed Natasha
  2557 | D:3      | Noticed Natasha
  3213 | D:4      | Noticed Edmund
  3256 | D:4      | Killed Edmund
  3257 | D:4      | Reached XP level 6. HP: 32/38 MP: 6/6
  3442 | D:4      | Killed from afar by an orc priest

Illustrated notes

Levels and vault maps discovered:
D:1:      minmay_arrival_diagonal_passages, layout_basic,
          nicolae_ecumenical_snake_handling, serial_shops,
          nicolae_shop_real_fake_doors, shop, nicolae_shop_peninsula, shop
D:2:      layout_loops_corners, minmay_heptomino_o4
D:3:      layout_basic, mainiacjoe_overflow_surrounded_room, nrook_uturn,
          uniq_terence, uniq_natasha
D:4:      layout_rooms, uniq_edmund

Skill      XL: |  1  2  3  4  5 |
---------------+----------------+-----
Stealth        | 2 3 4 |  4.9
Shields        | 1 |  1.9
Unarmed Combat | 4 |  4.7
Fighting       | |  1.3
Throwing       | |  0.6
Dodging        | |  2.0
Shapeshifting  | |  3.7

Action                     |  1- 3 |  4- 6 || total
---------------------------+-------+-------++-------
  Melee: Unarmed           |    52 |    67 ||   119
         Constrict         |    12 |    17 ||    29
         Tentacles         |     6 |    13 ||    19
         Punch             |       |     3 ||     3
  Throw: Boomerang         |     3 |     3 ||     6
  Evoke: Wand              |       |     1 ||     1
    Use: Potion            |     2 |     2 ||     4
         Scroll            |     5 |       ||     5
   Stab: Sleeping          |     6 |     9 ||    15
         Distracted        |       |     1 ||     1
 Armour: Skin              |    21 |    31 ||    52
  Dodge: Dodged            |    19 |     7 ||    26
  Block: Kite shield       |    18 |    32 ||    50

Table legend: (Time is in decaauts)
 A = Elapsed time spent in this place.
 B = Non-inter-level travel time spent in this place.
 C = Inter-level travel time spent in this place.
 D = Time resting spent in this place.
 E = Time spent auto-exploring this place.
 F = Levels seen in this place.
 G = Mean time per level.
                   A        B        C        D        E       F      G
               +--------+--------+--------+--------+--------+-----+--------+
         Total |   3460 |   3360 |    100 |    796 |   1994 |   4 |  865.0 |
       Dungeon |   3460 |   3360 |    100 |    796 |   1994 |   4 |  865.0 |
               +--------+--------+--------+--------+--------+-----+--------+

Top non-repeatable levels by time:
     D:3: 1298 daAuts
     D:2: 920 daAuts
     D:1: 890 daAuts
     D:4: 352 daAuts
